 Dungeon Crawl Stone Soup version 0.28.0-43-g3370ac3207 (webtiles) character file.

Game seed: 1776372809824457864

896 crimpus the Covered (level 7, -1/66 HPs)
             Began as a Minotaur Berserker on Mar 15, 2022.
             Was a Believer of Trog.
             Slain by a killer bee (4 damage)
             ... on level 7 of the Dungeon.
             The game lasted 00:04:26 (3340 turns).

crimpus the Covered (Minotaur Berserker)            Turns: 3340, Time: 00:04:27

Health: -1/66      AC: 13    Str: 24    XL:     7   Next: 78%
Magic:  6/6        EV:  8    Int:  4    God:    Trog [**....]
Gold:   266        SH:  0    Dex:  9    Spells: 6/6 levels left

rFire   . . .      SeeInvis .   n - +1 hand axe (vorpal)
rCold   + . .      Faith    .   (no shield)
rNeg    . . .      Spirit   .   p - +0 plate armour
rPois   .          Reflect  .   (helmet restricted)
rElec   .          Harm     .   (no cloak)
rCorr   +          Rampage  .   (no gloves)
Will    ++...                   (no boots)
Stlth   ..........              (no amulet)
HPRegen 1.21/turn               e - ring of resist corrosion
MPRegen 0.10/turn               f - ring of protection from cold

@: lethally poisoned (-1 -> -9), strong-willed, on berserk cooldown,
regenerating, slowed, very slow
A: horns 2, retaliatory headbutt
a: Renounce Religion, Berserk, Trog's Hand


You were on level 7 of the Dungeon.
You worshipped Trog.
Trog was pleased with you.
You visited 1 branch of the dungeon, and saw 5 of its levels.

You collected 266 gold pieces.

Inventory:

Hand Weapons
 a - a +0 hand axe
 n - a +1 vorpal hand axe (weapon)
Armour
 p - a +0 plate armour (worn)
Jewellery
 d - a ring of fire
 e - a ring of resist corrosion (left hand)
 f - a ring of protection from cold (right hand)
Scrolls
 b - a scroll of enchant weapon {unknown}
 j - 3 scrolls of immolation
Potions
 c - a potion of heal wounds
 g - a potion of invisibility
 m - a potion of might {unknown}


   Skills:
 + Level 7.3 Fighting
 - Level 4.4 Axes
 + Level 7.6 Armour
 - Level 4.0 Dodging


You had 6 spell levels left.
You didn't know any spells.
Your spell library was empty.

Dungeon Overview and Level Annotations

Branches:
Dungeon (4/15)
 Temple: D:4-7

Altars:
Ashenzari
Wu Jian


Innate Abilities, Weirdness & Mutations

You have a pair of horns on your head.
You reflexively headbutt those who attack you in melee.


Message History

The killer bee poisons you! The killer bee closely misses you.
You furiously retaliate!
You headbutt the killer bee.
You kill the killer bee!
Trog accepts your kill.
Your skin crawls.
You feel strong-willed.
You feel very sick. The killer bee barely misses you.
The killer bee stings you.
You are more poisoned.
The killer bee poisons you!
You slash the killer bee! You headbutt the killer bee.
You kill the killer bee!
Trog accepts your kill.
You feel very sick. The killer bee barely misses you. You furiously retaliate!
You headbutt the killer bee, but do no damage.
The killer bee barely misses you.
You miss the killer bee.
You feel very sick. The killer bee stings you.
* * * LOW HITPOINT WARNING * * *
The killer bee stings you.
* * * LOW HITPOINT WARNING * * *
You are more poisoned.
The killer bee poisons you! The killer bee stings you.
* * * LOW HITPOINT WARNING * * *
You are lethally poisoned!
The killer bee poisons you!
You feel much better.
You feel extremely sick. The killer bee stings you.
* * * LOW HITPOINT WARNING * * *
You are lethally poisoned!
The killer bee poisons you! The killer bee closely misses you.
The killer bee stings you but does no damage.
You barely miss the killer bee. Your headbutt misses the killer bee.
* * * LOW HITPOINT WARNING * * *
You feel extremely sick. The killer bee stings you.
You die...

#.# #.# #
##.###### #.
#.......# # #.
#..###>##
#.#..#..# .#
#.##.#..# .#
#.......###.##
#....#...y@..#
.#....#.[.#####
.......†......#
.#...<#†####.##
#.........# #
#......##.#
#.<.....# #
#.####..#
#....#..#


You could see a killer bee.

Vanquished Creatures
  A steam dragon (D:7)
  An orc warrior (D:7)
  An ice beast (D:4)
  A scorpion (D:4)
  A water moccasin skeleton (D:2)
  5 killer bees (D:7)
  A bullfrog zombie (D:7)
  An orc priest (D:7)
  A bullfrog skeleton (D:4)
  An orc wizard (D:7)
  Robin (D:3)
  4 adders
  A worm (D:3)
  A dart slug (D:2)
  4 orcs
  3 ball pythons
  10 endoplasms
  3 giant cockroaches
  14 goblins
  7 hobgoblins
  7 jackals (D:1)
  7 kobolds
  6 quokkas
  8 bats
  4 frilled lizards
  3 rats (D:1)
97 creatures vanquished.

Vanquished Creatures (others)
  A plant (D:1)
1 creature vanquished.

Grand Total: 98 creatures vanquished

Notes
Turn   | Place    | Note
-------+----------+-------------------------------------------
     0 | D:1      | crimpus the Minotaur Berserker began the quest for the Orb.
     0 | D:1      | Reached XP level 1. HP: 19/19 MP: 0/0
   395 | D:1      | Reached XP level 2. HP: 25/27 MP: 1/1
   614 | D:1      | Reached XP level 3. HP: 29/33 MP: 2/2
   870 | D:1      | Found a faded altar of an unknown god.
  1003 | D:2      | Reached ** piety under Trog
  1314 | D:2      | Reached skill level 5 in Fighting
  1314 | D:2      | Reached XP level 4. HP: 36/42 MP: 3/3
  2209 | D:3      | Noticed Robin
  2234 | D:3      | Killed Robin
  2370 | D:3      | Reached XP level 5. HP: 48/48 MP: 4/4
  2618 | D:3      | Found an ornate altar of the Wu Jian Council.
  2806 | D:3      | Found a broken altar of Ashenzari.
  2905 | D:4      | Noticed an ice beast
  2913 | D:4      | Killed an ice beast
  2914 | D:4      | Reached XP level 6. HP: 57/57 MP: 5/5
  3092 | D:4      | Reached skill level 5 in Armour
  3151 | D:4      | You fall into a shaft and drop 3 floors!
  3195 | D:7      | Reached *** piety under Trog
  3202 | D:7      | Noticed an orc warrior
  3211 | D:7      | Killed an orc warrior
  3212 | D:7      | Reached XP level 7. HP: 64/64 MP: 6/6
  3303 | D:7      | Noticed a steam dragon
  3316 | D:7      | Killed a steam dragon
  3340 | D:7      | HP: 3/66 [poisoned by a killer bee]
  3340 | D:7      | Slain by a killer bee

Illustrated notes

Levels and vault maps discovered:
D:1:      erik_arrival_triangle_small, layout_basic,
          chequers_ecumenical_altar_lobes, minmay_pentomino_r2
D:2:      layout_loops_corners
D:3:      layout_rooms, general_overflow_altar, mainiacjoe_overflow_alcove_4,
          minmay_mini_jars, uniq_robin
D:4:      layout_basic, nicolae_hepliaklqana_hippocampus, uniq_natasha
D:7:      layout_basic, marbit_many_paths

Skill      XL: |  1  2  3  4  5  6  7 |
---------------+----------------------+-----
Axes           | 4 |  4.4
Fighting       | 4 5 6 7 |  7.3
Armour         | 3 4 6 7 |  7.6
Dodging        | 3 4 |  4.0

Action                   |  1- 3 |  4- 6 |  7- 9 || total
-------------------------+-------+-------+-------++-------
Melee: Hand axe          |    72 |   119 |    16 ||   207
       Headbutt          |     9 |    16 |     2 ||    27
       Punch             |       |       |     1 ||     1
Invok: Berserk           |     1 |     3 |     1 ||     5
       Trog's Hand       |       |       |     1 ||     1
  Use: Scroll            |       |     4 |     3 ||     7
       Potion            |       |       |     5 ||     5
Armor: Animal skin       |    18 |       |       ||    18
       Scale mail        |    11 |    45 |       ||    56
       Plate armour      |       |       |    30 ||    30
Dodge: Dodged            |    40 |    66 |    20 ||   126
